 Dungeon Crawl Stone Soup version 0.24.0-125-gc4c63601f3 (webtiles) character file.

Game seed: 1047616360351990213, levelgen mode: deterministic

731068 Amplified the Slayer (level 27, -9/192 HPs)
             Began as a Human Monk on Feb 20, 2020.
             Was the Champion of Ashenzari.
             Mangled by Qyf Enea the pandemonium lord (28 damage)
             ... on level 2 of the Depths on Feb 21, 2020.
             The game lasted 03:12:39 (75765 turns).

Amplified the Slayer (Human Monk)                  Turns: 75765, Time: 03:12:39

Health: -9/192     AC: 35    Str: 33 (35) XL:     27
Magic:  3/31       EV: 20    Int: 25      God:    Ashenzari [******]
Gold:   1824       SH: 34    Dex: 13 (15) Spells: 21/61 levels left

rFire    + + .     SeeInvis +   A - +9 sword of Zonguldrok {reap} (curse)
rCold    + . .     Gourm    .   z - +18 shield of the Gong {rElec rN+ MR+ EV-5} (curse)
rNeg     + + +     Faith    .   L - +10 pearl dragon scales (curse)
rPois    +         Spirit   .   t - +2 helmet {SInv} (curse)
rElec    +         Reflect  .   F - scarf {cloud immunity}
rCorr    .         Harm     .   C - +2 pair of gloves {Str+3} (curse)
MR       +++++     Clarity  +   r - +1 pair of boots of the Amoeba {Str+5} (curse)
Stlth    ..........             V - amulet of the Four Winds {rN+ MR+++ Clar} (curse)
HPRegen  0.42/turn              i - ring "Vileaniu" {*Drain rF+ rC+ rN+ Str+7} (curse)
MPRegen  0.22/turn              e - ring "Cocetwu" {rF+ Str+4 Int+6} (curse)

@: brilliant, about to teleport, deflect missiles
A: repulsion field 1, blurry vision 2, clumsy 2, deformed body, deterioration 2,
frail 2, low mp 3, magic resistance 1, poison resistance, weak 1, subdued magic
2
0: Orb of Zot
}: 5/15 runes: serpentine, barnacled, slimy, silver, abyssal
a: Curse Item, Scrying, Transfer Knowledge, Renounce Religion


You were on level 2 of the Depths.
You worshipped Ashenzari.
Ashenzari was exalted by your worship.
You were not hungry.

You visited 11 branches of the dungeon, and saw 57 of its levels.
You visited the Abyss 3 times.
You visited 1 bazaar.
You visited 1 ziggurat, and saw 10 of its levels.
You also visited: Bailey.

You collected 11463 gold pieces.
You spent 9639 gold pieces at shops.

Inventory:

Hand Weapons
 u - a +3 double sword of electrocution
 A - the cursed +9 sword of Zonguldrok (weapon) {reap}
   (You found it on level 7 of the Dungeon)

   If a monster killed with it leaves a corpse in good enough shape, the corpse
   will be animated as a zombie friendly to the killer.
   It has a curse placed upon it.
Missiles
 b - 25 curare-tipped darts (quivered)
 G - 49 silver javelins
Armour
 f - the cursed +3 chain mail of the Volcano {rCorr Dex+3}
   (You acquired it on level 5 of the Realm of Zot)

   It affects your dexterity (+3).
   It provides partial protection from all sources of acid and corrosion.
   It has a curse placed upon it.
 r - the cursed +1 pair of boots of the Amoeba (worn) {Str+5}
   (You found it on level 11 of the Dungeon)

   It affects your strength (+5).
   It has a curse placed upon it.
 t - a cursed +2 helmet of see invisible (worn)
 z - the cursed +18 shield of the Gong (worn) {rElec rN+ MR+ EV-5}
   (You bought it in a shop on level 4 of the Dungeon)

   It affects your evasion (-5).
   It insulates you from electricity.
   It protects you from negative energy.
   It affects your resistance to hostile enchantments.
   It has a curse placed upon it.
 C - a cursed +2 pair of gloves of strength (worn)
 F - a scarf of cloud immunity (worn)
 L - cursed +10 pearl dragon scales (worn)
Jewellery
 a - the ring "Webuf" {rElec rPois rC+}
   (You bought it in a shop on level 2 of the Elven Halls)

   [ring of poison resistance]

   It protects you from cold.
   It insulates you from electricity.
   It protects you from poison.
 d - the ring "Igaesul" {rPois rF+ SInv}
   (You found it on level 5 of the Pits of Slime)

   [ring of see invisible]

   It protects you from fire.
   It protects you from poison.
   It lets you see invisible.
 e - the cursed ring "Cocetwu" (right hand) {rF+ Str+4 Int+6}
   (You bought it in a shop on level 2 of the Elven Halls)

   [ring of strength]

   It affects your strength (+4).
   It affects your intelligence (+6).
   It protects you from fire.
   It has a curse placed upon it.
 h - the amulet "Ryupijuo" {Reflect MR+ Dex+4 SH+4}
   (You took it off a vampire mage on level 1 of the Crypt)

   [amulet of reflection]

   It shields you and reflects attacks.
   It affects your dexterity (+4).
   It affects your resistance to hostile enchantments.
   It affects your SH (+4).
 i - the cursed ring "Vileaniu" (left hand) {*Drain rF+ rC+ rN+ Str+7}
   (You found it on level 5 of the Pits of Slime)

   [ring of protection from cold]

   It affects your strength (+7).
   It protects you from fire.
   It protects you from cold.
   It protects you from negative energy.
   It causes draining when unequipped.
   It has a curse placed upon it.
 I - an uncursed ring of flight
 V - the cursed amulet of the Four Winds (around neck) {rN+ MR+++ Clar}
   (You bought it in a shop on level 2 of the Elven Halls)

   [amulet of nothing]

   It protects you from negative energy.
   It affects your resistance to hostile enchantments.
   It protects you against confusion.
   It has a curse placed upon it.
 Z - an uncursed ring of resist corrosion
Wands
 l - a wand of scattershot (1)
 y - a wand of disintegration (42)
 S - a wand of iceblast (81)
Scrolls
 g - 17 scrolls of teleportation
 k - 5 scrolls of fear
 o - a scroll of holy word
 H - 15 scrolls of remove curse
 K - 2 scrolls of silence
 N - 39 scrolls of identify
 Q - 10 scrolls of amnesia
Potions
 j - 5 potions of flight
 p - a potion of invisibility
 q - 2 potions of curing
 w - 8 potions of brilliance
 D - 4 potions of ambrosia
 O - a potion of magic
 T - 2 potions of cancellation
Comestibles
 c - 65 rations


   Skills:
 + Level 24.4 Fighting
   Level 7.4(11.2) Short Blades
 - Level 13.2(17.7) Long Blades
   Level 3.0 Maces & Flails
   Level 13.7 Polearms
 * Level 19.2(21.5) Armour
 * Level 19.4(21.7) Dodging
 - Level 2.0 Stealth
 - Level 13.6(16.2) Shields
 * Level 17.5 Spellcasting
 - Level 15.8(19.7) Hexes
 - Level 6.8(11.3) Charms
 * Level 13.6(17.7) Necromancy
 - Level 5.2(9.6) Translocations
 - Level 3.2(7.1) Transmutations
 - Level 17.6(21.3) Fire Magic
 - Level 5.1(9.5) Air Magic
 - Level 3.1(7.0) Earth Magic


You had 21 spell levels left.
You knew the following spells:

 Your Spells              Type           Power        Failure   Level  Hunger
a - Confuse               Hex            ######..     0%          3    None
b - Confusing Touch       Hex            ######       0%          1    None
c - Apportation           Tloc           ######       0%          1    None
d - Spectral Weapon       Hex/Chrm       ######..     0%          3    None
e - Passwall              Tmut/Erth      #####...     1%          2    None
f - Regeneration          Chrm/Necr      ######....   0%          3    None
g - Deflect Missiles      Chrm/Air       ######....   1%          6    ###....
h - Ignition              Fire           ######....   1%          8    ######.
i - Aura of Abjuration    Summ           ####......   7%          5    None
j - Blink                 Tloc           N/A          0%          2    None
k - Freezing Cloud        Conj/Ice/Air   ####......   11%         6    ###....

Your spell library contained the following spells:

 Spells                   Type           Power        Failure   Level  Hunger
 Animate Skeleton         Necr           N/A          0%          1    None
 Corona                   Hex            ######.      0%          1    None
 Infusion                 Chrm           ####         0%          1    None
 Pain                     Necr           ####         0%          1    None
 Corpse Rot               Necr           N/A          0%          2    None
 Ensorcelled Hibernation  Hex/Ice        ######       0%          2    None
 Shroud of Golubria       Chrm/Tloc      ######       0%          2    None
 Slow                     Hex            ######..     0%          2    None
 Song of Slaying          Chrm           ######..     0%          2    None
 Sublimation of Blood     Necr           ######....   0%          2    None
 Swiftness                Chrm/Air       ######..     0%          2    None
 Conjure Flame            Conj/Fire      ######..     0%          3    None
 Tukima's Dance           Hex            ######..     0%          3    None
 Animate Dead             Necr           N/A          0%          4    None
 Agony                    Necr           ######..     0%          5    None
 Dispel Undead            Necr           ######..     0%          5    None
 Beastly Appendage        Tmut           #####.       1%          1    None
 Freeze                   Ice            ####         1%          1    None
 Magic Dart               Conj           ####         1%          1    None
 Sandblast                Erth           #####.       1%          1    None
 Summon Butterflies       Summ           ####....     1%          1    None
 Summon Small Mammal      Summ           ####         1%          1    None
 Call Imp                 Summ           ####....     1%          2    None
 Poisonous Vapours        Pois/Air       #####.       1%          2    None
 Searing Ray              Conj           ####..       1%          2    None
 Sticks to Snakes         Tmut           #####...     1%          2    None
 Throw Frost              Conj/Ice       ####..       1%          2    None
 Call Canine Familiar     Summ           ####....     1%          3    None
 Dazzling Spray           Conj/Hex       ######       1%          3    None
 Gell's Gravitas          Tloc           ######....   1%          3    None
 Ignite Poison            Fire/Tmut/Pois ######..     1%          3    None
 Lesser Beckoning         Tloc           ######....   1%          3    None
 Mephitic Cloud           Conj/Pois/Air  ####....     1%          3    None
 Ozocubu's Armour         Chrm/Ice       #####...     1%          3    None
 Recall                   Summ/Tloc      N/A          1%          3    None
 Spider Form              Tmut/Pois      #####.....   1%          3    None
 Stone Arrow              Conj/Erth      #####.       1%          3    None
 Summon Guardian Golem    Hex/Summ       ######..     1%          3    None
 Force Lance              Conj/Tloc      #####...     1%          4    None
 Fulminant Prism          Conj/Hex       ######....   1%          4    None
 Ice Form                 Ice/Tmut       #####...     1%          4    None
 Leda's Liquefaction      Hex/Erth       ######....   1%          4    None
 Petrify                  Tmut/Erth      #####...     1%          4    None
 Summon Lightning Spire   Summ/Air       #####...     1%          4    None
 Alistair's Intoxication  Tmut/Pois      #####...     1%          5    None
 Blade Hands              Tmut           #####.....   1%          5    None
 Bolt of Draining         Conj/Necr      ######....   1%          5    None
 Borgnjor's Vile Clutch   Necr/Erth      ######....   1%          5    None
 Excruciating Wounds      Chrm/Necr      ######....   1%          5    None
 Fireball                 Conj/Fire      ######....   1%          5    None
 Irradiate                Conj/Tmut      #####.....   1%          5    None
 Lee's Rapid Deconstruct  Erth           #####.....   1%          5    None
 Metabolic Englaciation   Hex/Ice        ######....   1%          5    None
 Summon Forest            Summ/Tloc      #####.....   1%          5    None
 Yara's Violent Unravell  Hex/Tmut       ######....   1%          5    None
 Bolt of Fire             Conj/Fire      ######....   1%          6    ###....
 Darkness                 Hex            ######....   1%          6    ###....
 Death Channel            Necr           ######....   1%          6    ###....
 Invisibility             Hex            ######..     1%          6    ###....
 Simulacrum               Ice/Necr       ######....   1%          6    ###....
 Ring of Flames           Chrm/Fire      ######....   1%          7    #####..
 Infestation              Necr           ######....   1%          8    ######.
 Iskenderun's Mystic Bla  Conj           ####....     2%          4    None
 Olgreb's Toxic Radiance  Pois           ####....     2%          4    None
 Summon Ice Beast         Ice/Summ       ####....     2%          4    None
 Throw Icicle             Conj/Ice       ####....     2%          4    None
 Hydra Form               Tmut           #####.....   2%          6    ###....
 Summon Demon             Summ           ####......   7%          5    None
 Bolt of Cold             Conj/Ice       ####......   32%         6    ###....
 Ozocubu's Refrigeration  Ice            ####......   32%         6    ###....
 Poison Arrow             Conj/Pois      ####......   32%         6    ###....
 Shadow Creatures         Summ           N/A          32%         6    ###....
 Summon Hydra             Summ           ####......   82%         7    #####..
 Chain Lightning          Conj/Air       #####.....   87%         8    ######.
 Fire Storm               Conj/Fire      ######....   93%         9    #######
 Lehudib's Crystal Spear  Conj/Erth      #####.....   96%         8    ######.
 Dragon's Call            Summ           ####......   100%        9    #######
 Glaciate                 Conj/Ice       ####......   100%        9    #######
 Passage of Golubria      Tloc           Unusable     N/A         4    N/A

Dungeon Overview and Level Annotations

Branches:
Dungeon (15/15)            Temple (0/1) D:7            Lair (6/6) D:8
 Shoals (4/4) Lair:3        Snake (4/4) Lair:2        Slime (5/5) Lair:6
    Orc (2/2) D:12            Elf (3/3) Orc:2        Vaults (5/5) D:14
  Crypt (3/3) Vaults:3       Tomb (0/3) Crypt:3      Depths (5/5) D:15
    Zot (5/5) Depths:5     Bailey (visited)

Altars:
Ashenzari
Dithmenos
Fedhas
Gozag
Hepliaklqana
Kikubaaqudgha
Makhleb
Nemelex Xobeh
Okawaru
Qazlal
Ru
Sif Muna
Trog
Uskayaw
Vehumet
Xom
Yredelemnul
Zin
Jiyva

Shops:
D:4 [   D:14 %   Orc:2 =(   Elf:2 ==}   Shoals:4 *   Depths:1 :*
Depths:2 *[((   Depths:5 %

Portals:
Hell: Depths:1 Depths:2 Depths:3 Depths:4 Depths:5
Abyss: Depths:1 Depths:4
Pandemonium: Depths:3 Depths:4

Annotations:
D:14 Check
D:15 with rC+, otherwise branch it.
Lair:2 2 transporters
Snake:4 Careful, little to no digging possible
Elf:2 Shoals, aim for two pips of rEle+.
Depths:4 Slow Zot, try to handle caustics below.
Depths:5 Escape and get corr.
Zot:4 Slime, Abyss, Clear, unless gamebreaker loot.


Innate Abilities, Weirdness & Mutations

You are surrounded by a mild repulsion field. (EV +2)
Scrolls take you longer to read.
You are very clumsy. (Dex -4)
Armour fits poorly on your strangely shaped body.
Your body often deteriorates upon taking damage.
You are very frail. (-20% HP)
Your magical capacity is extremely low. (-30% MP)
You are resistant to hostile enchantments. (MR+)
Your system is resistant to poisons. (rPois)
You are weak. (Str -2)
Your spells are easier to cast, but less powerful.


Message History

The tormentor convulses!
Qyf Enea convulses!
The blizzard demon convulses!
The Hell Sentinel convulses!
Unknown command.
Okay, then.
Okay, then.
Okay, then.
Okay, then.
Unknown command.
Okay, then.
You feel better. You block Qyf Enea's attack.
GONNNNG!
Qyf Enea is lost in a daze.
The tormentor is lost in a daze.
The ancient lich gestures at you while chanting.
You deflect the bolt of fire!
The Hell Sentinel is lost in a daze.
Unknown command.
Okay, then.
You feel better. Qyf Enea barely misses you.
You riposte.
You hit Qyf Enea.
Qyf Enea is moderately wounded.
The tormentor is lost in a daze.
Qyf Enea hits you!!
You die...

..................######
...................(...#
#################.####.#
########.# ######.# #.#
.........# #....#.####.#########
########.###....#.##...........#
..........##..1.#'##'#.#######.#
############.....2.............#
......##<#
#....@L2...###########
#####.##.# #.##.&.....# #.......
#.##)# #.##.......# #.######
#####.##.###.##.......# #.......
..............######'## ########
.####.##.....(# #.#
...........)..######.######
............(.'..........>#
..............##(##########


You could see Qyf Enea (dazed), a Hell Sentinel (dazed), an ancient lich
(dazed), a blizzard demon (dazed) and a tormentor (dazed).

Vanquished Creatures
  the Royal Jelly (Slime:5)
  4 orbs of fire (Zot:5)
  5 ancient liches
  Sojobo (Depths:2)
  2 juggernauts
  4 Killer Klowns
  Saint Roka (Elf:3)
  A curse toe (Zot:2)
  Nikola (Snake:3)
  8 caustic shrikes
  A profane servitor (Crypt:3)
  9 golden dragons
  3 bone dragons
  A Brimstone Fiend (Depths:2)
  2 Tzitzimimeh
  6 liches
  4 electric golems
  16 tentacled monstrosities
  An Ice Fiend (Zig:10)
  A Hell Sentinel (Abyss:3)
  22 Orb Guardians (Zot:5)
  3 deep elf blademasters
  6 quicksilver dragons
  Asterion (Vaults:1)
  24 acid blobs
  7 tentacled starspawn
  2 titans (Vaults:5)
  A kraken (Shoals:3)
  An ancient champion (Crypt:3)
  2 Executioners
  6 shadow dragons
  6 death cobs
  4 sphinxes
  4 tengu reavers
  5 draconian monks
  9 storm dragons
  Donald (Snake:1)
  16 azure jellies
  10 nagarajas
  2 revenants
  A fire giant (shapeshifter) (Vaults:3)
  6 frost giants
  4 fire giants
  Aizul (Snake:4)
  4 balrugs
  A caustic shrike zombie (Depths:3)
  18 vault wardens
  7 deep elf sorcerers
  An orc warlord (Zig:6)
  A cacodemon (Abyss:4)
  5 draconian knights
  Louise (Snake:1)
  6 draconian scorchers
  4 draconian shifters
  4 ghost moths
  2 curse skulls
  3 iron dragons
  An ophan (Abyss:3)
  4 draconian annihilators
  9 draconian stormcallers
  2 ghouls
  5 deep elf elementalists (Elf:3)
  13 ironheart preservers
  3 reapers
  23 stone giants
  24 very ugly things
  A spriggan defender (Depths:4)
  A war gargoyle (Vaults:4)
  3 entropy weavers
  Nessos (Orc:2)
  8 green draconians
  8 deep elf demonologists
  8 vampire knights
  A spectral titan (Crypt:3)
  8 purple draconians
  11 deep elf annihilators
  A corrupter (Zig:10)
  14 black draconians
  10 red draconians
  10 white draconians
  2 spark wasps
  The ghost of hitsuchi the Martial Artist, a journeyman OpFi of Makhleb (Lair:6)
  13 yellow draconians
  5 merfolk javelineers
  A green death (Zig:10)
  4 eidola
  2 blizzard demons
  3 fire dragons
  11 death oozes
  A crystal guardian (Vaults:3)
  15 ogre magi
  17 ettins
  8 deep elf high priests
  18 jiangshi
  16 great orbs of eyes
  7 deep elf death magi
  26 vault guards
  7 merfolk impalers
  Harold (Orc:1)
  11 yaktaur captains
  5 rakshasas
  9 ice dragons
  9 naga warriors
  9 hydras
  Erica (Lair:2)
  4 spriggan air magi
  A hell beast (Depths:3)
  A shambling mangrove (Zig:9)
  15 anacondas
  A catoblepas (Shoals:4)
  The ghost of fritzmikael the Blocker, a journeyman OpFi of Gozag (D:10)
  2 alligator snapping turtles
  7 death knights
  3 merfolk aquamancers
  7 centaur warriors
  3 satyrs (Shoals:4)
  44 two-headed ogres
  5 vampire magi
  6 deep troll shamans
  6 deep troll earth magi
  2 orc high priests
  2 spriggan berserkers
  5 death yaks
  21 dancing weapons
  8 thrashing horrors
  Nergalle (Lair:1)
  5 tengu warriors
  19 deep elf knights
  4 spriggans
  8 shock serpents
  6 wretched stars
  9 naga sharpshooters
  2 soul eaters
  13 hell knights
  A sixfirhy (Zig:10)
  5 sun demons
  A fire crab (shapeshifter) (Depths:3)
  14 skeletal warriors
  5 iron trolls
  7 shadow wraiths
  4 salamander mystics
  11 deep trolls
  2 spatial maelstroms
  5 unseen horrors
  4 swamp dragons (Zig:9)
  A deep troll (shapeshifter) (Depths:4)
  4 glowing orange brains
  5 naga ritualists
  13 deep elf archers
  A sea snake (Shoals:2)
  6 flayed ghosts
  An infernal demonspawn (Depths:3)
  3 wizards
  16 ironbrand convokers
  17 orc knights
  A tengu zombie (Vaults:2)
  A wolf spider zombie (D:15)
  27 harpies
  16 phantasmal warriors
  An obsidian statue (Zig:8)
  A harpy (shapeshifter) (Elf:2)
  15 necromancers
  An orb spider (Zig:4)
  12 mana vipers
  A frost giant zombie (Vaults:5)
  An orange crystal statue (Vaults:4)
  4 wolf spiders
  4 lindwurms (Snake:4)
  2 orc sorcerers
  6 shining eyes
  A tengu skeleton (Zig:7)
  4 oklob plants (Lair:5)
  7 fauns
  55 deep elf magi
  An iron dragon zombie (Crypt:1)
  A sphinx skeleton (Crypt:1)
  12 manticores
  27 ugly things
  3 worldbinders
  A fire giant zombie (Vaults:2)
  6 salamanders
  5 cyclopes
  A merfolk siren (Shoals:2)
  10 moths of wrath
  12 elephants
  A frost giant skeleton (Depths:3)
  2 rust devils
  A stone giant skeleton (Zig:3)
  25 black mambas
  A guardian serpent (shapeshifter) (Vaults:3)
  9 guardian serpents
  20 naga magi
  2 eyes of devastation
  A water nymph (Shoals:3)
  3 smoke demons
  14 vault sentinels
  A water nymph (shapeshifter) (Vaults:3)
  A torpor snail (Lair:6)
  An eye of devastation (shapeshifter) (D:13)
  A kobold demonologist (D:14)
  2 orange demons
  6 hellions
  7 centaur zombies
  A komodo dragon (shapeshifter) (Depths:1)
  15 spiny frogs
  A yaktaur zombie (Vaults:5)
  4 komodo dragons
  A grey draconian zombie (Crypt:2)
  A rime drake (Lair:4)
  41 yaktaurs
  A tormentor (Zig:3)
  An ice devil (Depths:2)
  5 hellwings
  5 efreet
  14 freezing wraiths
  A troll (shapeshifter) (Vaults:2)
  3 ancient zymes (Abyss:4)
  4 tyrant leeches
  15 merfolk
  A silent spectre (Abyss:4)
  9 trolls
  3 polar bears (Lair:4)
  4 tengu conjurers
  7 wind drakes
  A jumping spider (Zig:4)
  A merfolk (shapeshifter) (Zig:1)
  A wind drake (shapeshifter) (Vaults:3)
  9 hornets
  A bog body (Zig:9)
  A hornet (shapeshifter) (Abyss:4)
  A tarantella zombie (Crypt:2)
  18 blink frogs
  11 hippogriffs
  6 raiju
  8 snapping turtles
  84 slime creatures
  A dream sheep (shapeshifter) (Depths:3)
  4 dream sheep
  A meliai zombie (D:14)
  An air elemental (Elf:1)
  An ice dragon skeleton (Crypt:1)
  14 large abominations
  An ettin skeleton (Abyss:4)
  52 flying skulls (Crypt:3)
  2 spriggans (shapeshifter)
  A wyvern (shapeshifter) (Depths:4)
  A wyvern (D:12)
  8 shadows
  4 ynoxinuls
  A tarantella (shapeshifter) (Vaults:2)
  A vampire (D:14)
  21 water elementals
  28 wraiths
  47 yaks
  A black mamba skeleton (Abyss:4)
  2 fire elementals
  8 golden eyes
  2 basilisks (Shoals:4)
  2 hungry ghosts
  13 vampire mosquitoes
  2 human simulacra (Vaults:2)
  An elf simulacrum (Vaults:5)
  2 neqoxecs
  3 spatial vortices
  An insubstantial wisp (Zig:9)
  An orb spider zombie (Crypt:2)
  9 wargs
  32 nagas
  A soldier ant (shapeshifter) (Depths:2)
  An acid dragon (D:13)
  5 hell hounds
  A soldier ant (D:11)
  10 water moccasins
  14 small abominations
  An acid dragon (shapeshifter) (Vaults:2)
  4 porcupines
  2 floating eyes
  2 ice beasts
  3 ettin simulacra (Depths:3)
  A hornet zombie (D:8)
  A swamp drake (Lair:4)
  An eye of draining (shapeshifter) (D:15)
  36 orc warriors
  2 sky beasts
  A black bear (D:12)
  5 necrophages
  3 phantoms
  A black mamba simulacrum (Crypt:1)
  35 ogres
  7 eyes of draining
  15 centaurs
  A blink frog zombie (Crypt:2)
  12 boggarts
  7 crocodiles
  A crocodile (shapeshifter) (Depths:4)
  A big kobold (D:11)
  A draconian zombie (Crypt:1)
  26 bullfrogs
  4 elf zombies
  8 gnoll sergeants (Bailey)
  5 elf skeletons
  4 earth elementals
  3 scorpions
  A yak zombie (Crypt:2)
  10 killer bees (D:9)
  A manticore simulacrum (Crypt:3)
  12 wights
  A polar bear skeleton (Crypt:2)
  4 electric eels
  4 howler monkeys
  A howler monkey (shapeshifter) (Vaults:1)
  9 crimson imps
  2 bullfrog zombies
  26 starcursed masses
  9 hounds
  3 quasits
  5 human zombies
  A wolf skeleton (Crypt:1)
  4 jellies
  20 orc wizards
  4 gnoll shamans (Bailey)
  17 orc priests
  4 bullfrog skeletons
  5 human skeletons
  A black bear skeleton (Crypt:1)
  5 iguanas
  10 worker ants
  A demigod zombie (Crypt:1)
  2 mummies (D:7)
  A worker ant zombie (D:9)
  A howler monkey skeleton (D:6)
  9 adders
  29 gnolls
  8 shadow imps
  A white imp (Abyss:1)
  2 ufetubi
  An adder zombie (D:8)
  2 adder skeletons
  A halfling skeleton (Crypt:1)
  A worm (shapeshifter) (Vaults:5)
  3 worms
  5 leopard geckos
  81 orcs
  2 ball pythons
  10 bats
  5 giant cockroaches
  5 goblins
  9 hobgoblins
  5 jackals
  4 quokkas
  3 frilled lizards
  13 kobolds
  A kobold simulacrum (Crypt:1)
  A kobold skeleton (Crypt:2)
  An orc skeleton (Crypt:1)
  2 orc zombies (D:7)
  A quokka skeleton (D:4)
  6 rats
  A fungus (Lair:5)
  A plant (Lair:5)
  6 starspawn tentacles
  4 tentacles (Shoals:3)
2477 creatures vanquished.

Vanquished Creatures (collateral kills)
  2 juggernauts (Depths:4)
  Jorgrun (Snake:1)
  A tentacled monstrosity (Vaults:5)
  3 deep elf master archers (Elf:3)
  A tentacled starspawn (Abyss:4)
  A sphinx (Depths:4)
  Frances (Snake:1)
  A storm dragon (Vaults:5)
  A nagaraja (Snake:4)
  A fire giant (Vaults:5)
  A frost giant (D:15)
  2 vault wardens (Vaults:5)
  A deep elf sorcerer (Elf:3)
  A deep elf elementalist (Elf:3)
  A spriggan defender (Depths:4)
  An ironheart preserver (Vaults:3)
  A draconian stormcaller (Zot:2)
  2 very ugly things
  A green draconian (Zot:3)
  2 stone giants
  2 deep elf demonologists (Elf:3)
  A black draconian (Depths:5)
  3 purple draconians
  2 yellow draconians (Zot:3)
  2 deep elf annihilators (Elf:3)
  A red draconian (Zot:4)
  A white draconian (Zot:3)
  4 ettins
  4 merfolk impalers
  2 fire dragons
  Josephine (D:14)
  3 deep elf death magi
  2 great orbs of eyes (Vaults:4)
  3 yaktaur captains
  A deep elf high priest (Elf:3)
  A hydra (D:8)
  A centaur warrior (Vaults:2)
  2 ice dragons
  2 vault guards (Vaults:5)
  A rakshasa (Depths:2)
  A merfolk avatar (Shoals:4)
  2 spriggan air magi
  A merfolk aquamancer (Shoals:4)
  A naga warrior (Snake:4)
  An alligator snapping turtle (Shoals:2)
  An ogre mage (Vaults:4)
  3 anacondas (Snake:4)
  A death yak (Lair:5)
  4 two-headed ogres
  A deep troll earth mage (Depths:4)
  A tengu warrior (Depths:2)
  A spriggan berserker (Depths:5)
  A shock serpent (Snake:2)
  A vampire mage (Depths:2)
  Urug (Lair:1)
  A wretched star (Abyss:4)
  A skeletal warrior (D:12)
  An iron troll (Depths:4)
  2 salamander mystics (Snake:4)
  A sea snake (Shoals:2)
  5 hell knights
  4 deep trolls
  A naga ritualist (Snake:4)
  2 deep elf archers
  2 wizards
  2 ironbrand convokers (Vaults:5)
  8 harpies
  An orc knight (Vaults:1)
  A necromancer (Depths:4)
  3 mana vipers
  A wolf spider (Vaults:3)
  6 deep elf magi
  3 ugly things
  5 fauns
  A cyclops (Shoals:2)
  A tengu skeleton (Vaults:5)
  2 moths of wrath
  3 black mambas
  3 manticores
  5 elephants
  A guardian serpent (Depths:2)
  3 merfolk sirens
  A vault sentinel (Vaults:4)
  A naga mage (Snake:1)
  8 spiny frogs (Lair:6)
  A centaur skeleton (D:15)
  14 yaktaurs
  A tengu conjurer (Depths:2)
  2 freezing wraiths (Vaults:3)
  2 komodo dragons (Lair:6)
  12 merfolk
  A troll (D:9)
  2 wind drakes (Shoals:1)
  2 meliai (shapeshifter) (Depths:4)
  3 hornets
  A tyrant leech (Lair:6)
  6 blink frogs
  A meliai zombie (D:13)
  4 dream sheep
  3 hippogriffs
  2 snapping turtles
  A wraith (D:15)
  A wyvern (Lair:6)
  9 yaks
  3 basilisks
  A chaos spawn (Abyss:4)
  An insubstantial wisp (Zig:9)
  5 nagas
  A vampire mosquito (Lair:6)
  4 water moccasins
  A warg (Vaults:1)
  A porcupine (Lair:3)
  9 orc warriors
  A sky beast (D:15)
  A black bear (D:7)
  8 ogres
  2 centaurs
  A crocodile (D:12)
  8 bullfrogs
  A killer bee (D:9)
  6 wights
  An electric eel (Elf:3)
  A quasit (D:14)
  7 orc wizards
  An elf simulacrum (Crypt:3)
  2 gnoll shamans (Bailey)
  7 orc priests
  A worker ant (D:8)
  An adder (D:12)
  25 orcs
  2 fungi (Lair:4)
  3 plants (Shoals:4)
338 creatures vanquished.

Vanquished Creatures (others)
  A balrug (Zig:10)
  A deep elf sorcerer (Vaults:5)
  A green draconian (Zot:3)
  An ogre mage (Depths:2)
  2 two-headed ogres
  2 naga sharpshooters
  Sonja (Lair:1)
  A deep elf knight (Elf:2)
  A golden dragon skeleton (Depths:3)
  A deep elf archer (Elf:3)
  A necromancer (Depths:3)
  3 deep elf magi
  A cyclops (D:13)
  An iron dragon skeleton (Depths:3)
  A naga mage (Snake:3)
  A black mamba (Snake:1)
  A yaktaur (D:15)
  A dream sheep (shapeshifter) (Vaults:5)
  A water elemental (Depths:5)
  A human zombie (Depths:3)
  A floating eye (Depths:4)
  An orc warrior (Vaults:5)
  3 ogres
  2 boggarts
  An orc wizard (D:14)
  3 orcs
  A bush (Lair:6)
  6 fungi
  61 plants
  17 spectral weapons
  14 starspawn tentacles
  13 tentacles (Shoals:3)
  A withered plant (Shoals:4)
148 creatures vanquished.

Grand Total: 2963 creatures vanquished

Notes
Turn   | Place    | Note
-------+----------+-------------------------------------------
     0 | D:1      | Amplified the Human Monk began the quest for the Orb.
     0 | D:1      | Reached XP level 1. HP: 18/18 MP: 1/1
   395 | D:1      | Reached XP level 2. HP: 22/24 MP: 2/2
   423 | D:1      | Reached skill level 1 in Short Blades
   460 | D:1      | Found a shattered altar of Ashenzari.
   508 | D:1      | Became a worshipper of Ashenzari the Shackled
   508 | D:1      | Reached * piety under Ashenzari
   508 | D:1      | Reached ** piety under Ashenzari
   556 | D:1      | Reached XP level 3. HP: 29/29 MP: 3/3
  1410 | D:3      | Reached XP level 4. HP: 24/35 MP: 4/4
  1426 | D:3      | Noticed an orc warrior
  1451 | D:3      | Killed an orc warrior
  1451 | D:3      | Reached skill level 4 in Fighting
  1451 | D:3      | Reached XP level 5. HP: 34/42 MP: 5/5
  1472 | D:3      | Found an opulent altar of Gozag.
  1529 | D:3      | Reached XP level 6. HP: 32/48 MP: 6/6
  2698 | D:4      | Reached skill level 1 in Shields
  2879 | D:4      | Reached *** piety under Ashenzari
  2884 | D:4      | Reached skill level 5 in Short Blades
  2934 | D:4      | Found Rujos's Armour Emporium.
  3102 | D:5      | Entered Level 5 of the Dungeon
  3143 | D:5      | Reached XP level 7. HP: 20/55 MP: 7/7
  4009 | D:2      | Found a sacrificial altar of Ru.
  4130 | D:6      | Reached XP level 8. HP: 52/61 MP: 8/8
  4383 | D:6      | Found a sacrificial altar of Ru.
  4443 | D:6      | Found a sparkling altar of Nemelex Xobeh.
  4708 | D:6      | Found a hazy altar of Hepliaklqana.
  4771 | D:7      | Noticed a yak
  4773 | D:7      | Noticed a yak
  4774 | D:7      | Noticed a yak
  4777 | D:7      | Noticed a yak
  4787 | D:7      | Found a staircase to the Ecumenical Temple.
  4791 | D:7      | Noticed a yak
  4813 | D:7      | Killed a yak
  4813 | D:7      | Reached skill level 1 in Armour
  4816 | D:7      | Killed a yak
  4816 | D:7      | Reached skill level 5 in Fighting
  4822 | D:7      | Killed a yak
  4822 | D:7      | Reached XP level 9. HP: 31/68 MP: 9/9
  4982 | D:7      | Found the +9 sword of Zonguldrok {reap}
  5121 | D:7      | Reached skill level 6 in Fighting
  5121 | D:7      | Reached skill level 5 in Dodging
  5137 | D:7      | Reached **** piety under Ashenzari
  5221 | D:7      | Reached skill level 1 in Long Blades
  5221 | D:7      | Reached skill level 5 in Shields
  5408 | D:7      | Found an ancient bone altar of Kikubaaqudgha.
  5554 | D:8      | Noticed a hippogriff
  5563 | D:8      | Reached XP level 10. HP: 69/76 MP: 10/10
  5604 | D:8      | Reached skill level 5 in Long Blades
  5610 | D:8      | Found a staircase to the Lair.
  5633 | D:8      | Found a flagged portal.
  5658 | D:8      | Noticed a four-headed hydra
  5668 | D:8      | Killed a four-headed hydra
  5676 | Bailey   | Entered a bailey
  6673 | D:8      | Found a shimmering altar of Xom.
  6855 | D:8      | Found an opulent altar of Gozag.
  7393 | D:9      | Reached XP level 11. HP: 49/81 MP: 11/11
  7421 | D:9      | Noticed a two-headed ogre
  7431 | D:9      | Killed a two-headed ogre
  7625 | D:9      | Found a glowing silver altar of Zin.
  7625 | D:9      | Found a faded altar of an unknown god.
  7633 | D:9      | Found a faded altar of an unknown god.
  7635 | D:9      | Found a burning altar of Makhleb.
  7637 | D:9      | Found a stormy altar of Qazlal.
  7973 | D:9      | Found a shattered altar of Ashenzari.
  7974 | D:9      | Found a blossoming altar of Fedhas.
  7975 | D:9      | Found a bloodstained altar of Trog.
  7975 | D:9      | Found a hide-covered altar of Uskayaw.
  8265 | D:10     | Entered Level 10 of the Dungeon
  8265 | D:10     | Found a runed translucent gate.
  8271 | D:10     | Found a runed translucent gate.
  8271 | D:10     | Found a runed translucent gate.
  8271 | D:10     | Noticed fritzmikael's ghost (journeyman OpFi)
  8298 | D:10     | Reached ***** piety under Ashenzari
  8697 | D:10     | Reached skill level 10 in Long Blades
  8818 | D:10     | Identified a scroll of acquirement
  8974 | D:4      | Bought the +18 shield of the Gong {rElec rN+ MR+ EV-5} for
                  | 1264 gold pieces
  8974 | D:4      | Found the +18 shield of the Gong {rElec rN+ MR+ EV-5}
  8984 | D:4      | Bought a +2 pair of gloves of strength for 279 gold pieces
  9663 | D:11     | Reached XP level 12. HP: 66/88 MP: 12/12
  9698 | D:11     | Identified the ring of Monotheism {*Slow +Fly rElec MR+
                  | SInv}
  9993 | D:11     | Got the uncursed pair of boots of the Amoeba {Str+5}
  9999 | D:11     | Identified the +1 pair of boots of the Amoeba {Str+5} (You
                  | found it on level 11 of the Dungeon)
 10162 | D:12     | Found a shadowy altar of Dithmenos.
 10285 | D:12     | Found a staircase to the Orcish Mines.
 10337 | D:12     | Reached skill level 10 in Shields
 10523 | D:12     | Found an iron altar of Okawaru.
 10608 | D:12     | Noticed a skeletal warrior
 10635 | D:12     | Killed a skeletal warrior
 10718 | D:12     | Noticed a death knight
 10740 | D:12     | Killed a death knight
 11030 | Lair:1   | Entered Level 1 of the Lair of Beasts
 11122 | Lair:1   | Noticed Sonja
 11146 | Lair:1   | Killed Sonja
 11203 | Lair:1   | Noticed Urug
 11215 | Lair:1   | Noticed Nergalle
 11218 | Lair:1   | Killed Urug
 11218 | Lair:1   | Reached XP level 13. HP: 70/93 MP: 13/13
 11231 | Lair:1   | Killed Nergalle
 11764 | Lair:2   | Found a transporter.
 11793 | Lair:2   | Noticed Erica
 11810 | Lair:2   | Killed Erica
 11810 | Lair:2   | Reached skill level 5 in Armour
 12004 | Lair:2   | Noticed a six-headed hydra
 12016 | Lair:2   | Noticed an ettin
 12016 | Lair:2   | a six-headed hydra changed into an ettin
 12025 | Lair:2   | Killed an ettin
 12025 | Lair:2   | Reached skill level 7 in Fighting
 12154 | Lair:2   | Found a staircase to the Snake Pit.
 12313 | Lair:2   | Found a transporter.
 12833 | Lair:3   | Found a staircase to the Shoals.
 12902 | Lair:3   | Identified the cursed +0 rapier of Fiyzooj {pierce, *Noise
                  | rN+ Dex+3}
 13363 | Lair:4   | Reached XP level 14. HP: 103/103 MP: 14/14
 14104 | Lair:6   | Entered Level 6 of the Lair of Beasts
 14787 | Lair:5   | Reached skill level 8 in Fighting
 15882 | Lair:5   | Learned a level 3 spell: Confuse
 15884 | Lair:5   | Learned a level 1 spell: Confusing Touch
 16190 | Orc:1    | Entered Level 1 of the Orcish Mines
 16211 | Orc:1    | Noticed Harold
 16243 | Orc:1    | Killed Harold
 16498 | Orc:2    | Entered Level 2 of the Orcish Mines
 16533 | Orc:2    | Noticed Nessos
 16560 | Orc:2    | Killed Nessos
 16805 | Orc:2    | Reached skill level 9 in Fighting
 16843 | Orc:1    | Reached XP level 15. HP: 77/114 MP: 15/15
 17107 | Orc:2    | Found Weofoek's Distillery.
 17107 | Orc:2    | Found Ifoynk's Jewellery Shop.
 17108 | Orc:2    | Found Ogrowk's Food Shop.
 17108 | Orc:2    | Found Pesy's Antique Weapon Shoppe.
 17386 | Orc:2    | Found a shimmering blue altar of Sif Muna.
 17387 | Orc:2    | Found a staircase to the Elven Halls.
 17404 | Orc:2    | Identified Sif Muna's Catalogue of Summoning
 18134 | Orc:2    | Bought a potion of curing for 42 gold pieces
 18134 | Orc:2    | Bought a potion of curing for 42 gold pieces
 18134 | Orc:2    | Bought a potion of flight for 42 gold pieces
 18134 | Orc:2    | Bought a potion of invisibility for 112 gold pieces
 18134 | Orc:2    | Bought a potion of flight for 42 gold pieces
 18134 | Orc:2    | Bought a potion of flight for 42 gold pieces
 18134 | Orc:2    | Bought 2 potions of resistance for 280 gold pieces
 18134 | Orc:2    | Bought a potion of magic for 112 gold pieces
 18134 | Orc:2    | Bought 2 potions of curing for 84 gold pieces
 18138 | Orc:2    | Bought a ration for 50 gold pieces
 18138 | Orc:2    | Bought a ration for 50 gold pieces
 18138 | Orc:2    | Bought a ration for 50 gold pieces
 18138 | Orc:2    | Bought a ration for 50 gold pieces
 18138 | Orc:2    | Bought a ration for 50 gold pieces
 18138 | Orc:2    | Bought a ration for 50 gold pieces
 18138 | Orc:2    | Bought a ration for 50 gold pieces
 18138 | Orc:2    | Bought a ration for 50 gold pieces
 18138 | Orc:2    | Bought a ration for 50 gold pieces
 18138 | Orc:2    | Bought a ration for 50 gold pieces
 18138 | Orc:2    | Bought a ration for 50 gold pieces
 18140 | Orc:2    | Bought an uncursed ring of poison resistance for 340 gold
                  | pieces
 18205 | D:13     | Identified the +3 flail of Ithrausa {antimagic, rC+ Str+8}
 18207 | D:13     | Reached skill level 10 in Fighting
 18400 | D:13     | Identified the +4 shortbow of the Evil Eye {flame, rElec
                  | Int+4 Dex-4}
 18511 | D:13     | Reached ****** piety under Ashenzari
 18889 | D:14     | Noticed Josephine
 18908 | D:14     | Reached skill level 10 in Dodging
 18912 | D:14     | Noticed an ironheart preserver
 18933 | D:14     | Killed an ironheart preserver
 18938 | D:14     | Killed Josephine
 18974 | D:14     | Found a gate to the Vaults.
 19234 | D:14     | Found an ancient bone altar of Kikubaaqudgha.
 19398 | D:14     | Found Qumeneh's Food Shop.
 19406 | D:14     | Bought a ration for 60 gold pieces
 19406 | D:14     | Bought a ration for 60 gold pieces
 19406 | D:14     | Bought a ration for 60 gold pieces
 19406 | D:14     | Bought a ration for 60 gold pieces
 19477 | D:15     | Entered Level 15 of the Dungeon
 19539 | D:15     | Noticed a frost giant
 19587 | D:15     | Reached skill level 10 in Armour
 19975 | D:10     | Killed fritzmikael's ghost
 20087 | Snake:1  | Entered Level 1 of the Snake Pit
 20087 | Snake:1  | Noticed Donald
 20097 | Snake:1  | Killed Donald
 20097 | Snake:1  | Reached skill level 11 in Fighting
 20104 | Snake:1  | Noticed Frances
 20111 | Snake:1  | Noticed Jorgrun
 20118 | Snake:1  | Killed Frances
 20127 | Snake:1  | Killed Jorgrun
 20127 | Snake:1  | Reached XP level 16. HP: 119/125 MP: 7/16
 20693 | Snake:1  | Noticed Louise
 20713 | Snake:1  | Killed Louise
 21502 | Snake:2  | Noticed a nagaraja
 21518 | Snake:2  | Killed a nagaraja
 21555 | Snake:2  | Reached skill level 12 in Fighting
 21817 | Snake:2  | Noticed a nagaraja
 21836 | Snake:2  | Killed a nagaraja
 21990 | Snake:3  | Noticed Nikola
 22004 | Snake:3  | Killed Nikola
 22424 | Snake:3  | Reached XP level 17. HP: 115/135 MP: 17/17
 22827 | Snake:3  | Found a radiant altar of Vehumet.
 23196 | Snake:4  | Entered Level 4 of the Snake Pit
 23234 | Snake:4  | Noticed Aizul
 23248 | Snake:4  | Killed Aizul
 23354 | Snake:4  | Reached skill level 13 in Fighting
 24931 | Snake:4  | Reached XP level 18. HP: 106/145 MP: 18/18
 24982 | Snake:4  | Reached skill level 14 in Fighting
 25349 | Snake:4  | Got a serpentine rune of Zot
 25723 | Shoals:1 | Entered Level 1 of the Shoals
 25981 | Elf:1    | Entered Level 1 of the Elven Halls
 26398 | Elf:1    | Identified the Disquisition on Calling
 26976 | Elf:2    | Found a runed translucent gate.
 26976 | Elf:2    | Found a runed translucent gate.
 26977 | Elf:2    | Found a runed translucent gate.
 27053 | Elf:2    | Found Javyi's Gadget Shoppe.
 27053 | Elf:2    | Found Jyowko's Jewellery Boutique.
 27054 | Elf:2    | Found Kaim Xal's Jewellery Boutique.
 27059 | Elf:2    | Bought the amulet of the Four Winds {rN+ MR+++ Clar} for
                  | 570 gold pieces
 27059 | Elf:2    | Found the amulet of the Four Winds {rN+ MR+++ Clar}
 27280 | Elf:2    | Noticed a deep elf blademaster
 27337 | Elf:3    | Entered Level 3 of the Elven Halls
 27401 | Elf:3    | Noticed Saint Roka
 27445 | Elf:3    | Killed Saint Roka
 27583 | Elf:3    | Identified the Incunabulum of Nocuous Transformation
 27917 | Elf:3    | Reached skill level 15 in Fighting
 28007 | Elf:3    | Reached XP level 19. HP: 155/155 MP: 19/19
 28219 | Elf:3    | Noticed a deep elf blademaster
 28544 | Elf:3    | Reached skill level 15 in Dodging
 28550 | Elf:3    | Killed a deep elf blademaster
 28870 | Elf:3    | Identified the +12 demon trident "Gusmauc" {drain, +Blink
                  | rElec rPois rF-}
 28927 | Elf:3    | Noticed a deep elf blademaster
 29030 | Elf:3    | Killed a deep elf blademaster
 29030 | Elf:3    | Reached skill level 15 in Armour
 29395 | Elf:3    | Identified the +5 falchion "Zoly" {venom, rN+}
 29547 | Elf:3    | Identified the +5 executioner's axe "Nidgh" {elec, rC+}
 29638 | Elf:3    | Reached skill level 16 in Fighting
 29993 | Elf:3    | Identified the +2 hunting sling of Inep Hui {venom, +Blink
                  | rElec rF- Stlth+}
 30336 | Elf:2    | Reached skill level 1 in Polearms
 30368 | Elf:2    | Reached XP level 20. HP: 144/164 MP: 20/20
 30393 | Elf:2    | Reached skill level 5 in Polearms
 31285 | Vaults:1 | Entered Level 1 of the Vaults
 31445 | Vaults:1 | Reached skill level 10 in Polearms
 31524 | Vaults:1 | Noticed Asterion
 31533 | Vaults:1 | Killed Asterion
 32018 | Vaults:1 | Identified Usofuic's Disquisition on Summoning and Darkness
 33601 | Vaults:2 | Reached XP level 21. HP: 143/171 MP: 21/21
 34157 | Vaults:3 | Paralysed by a floating eye for 2 turns
 34163 | Vaults:3 | Paralysed by a floating eye for 2 turns
 35063 | Vaults:3 | Found a staircase to the Crypt.
 35417 | Vaults:3 | Reached skill level 17 in Fighting
 36192 | Elf:2    | Bought the ring "Cocetwu" {rF+ Str+4 Int+6} for 964 gold
                  | pieces
 36453 | Crypt:1  | Entered Level 1 of the Crypt
 37220 | Crypt:1  | Reached XP level 22. HP: 167/182 MP: 22/22
 37645 | Crypt:1  | Identified the amulet "Ryupijuo" {Reflect MR+ Dex+4 SH+4}
 37869 | Crypt:3  | Entered Level 3 of the Crypt
 38331 | Crypt:3  | Found a basalt altar of Yredelemnul.
 39059 | Crypt:3  | Noticed an ancient lich
 39094 | Crypt:3  | Killed an ancient lich
 39187 | Crypt:3  | Identified the +9 flail of Ypuddeh {crush, +Rage rElec
                  | rN+++ Str-3}
 39188 | Crypt:3  | Found a staircase to the Tomb.
 39341 | Crypt:3  | Reached skill level 18 in Fighting
 39344 | Crypt:3  | Noticed a profane servitor
 39367 | Crypt:3  | Killed a profane servitor
 39401 | Crypt:3  | Identified the +0 ring mail of the Blue Moon {rC+ MR+ rCorr
                  | Str+4}
 39414 | Crypt:3  | Identified Kikubaaqudgha's Papyrus of Sinister Rites
 39542 | Crypt:3  | Noticed a bone dragon
 39556 | Crypt:3  | Killed a bone dragon
 39559 | Crypt:3  | Identified the +6 dagger "Qibozaent" {protect, rPois Int+3}
 39801 | Crypt:2  | Reached XP level 23. HP: 190/190 MP: 23/23
 40518 | Vaults:3 | Learned a level 1 spell: Apportation
 40775 | Elf:2    | Bought the ring "Webuf" {rElec rPois rC+} for 738 gold
                  | pieces
 41860 | D:15     | Found a staircase to the Depths.
 41873 | D:15     | Reached skill level 1 in Hexes
 41873 | D:15     | Reached skill level 1 in Translocations
 41877 | D:15     | Reached skill level 1 in Spellcasting
 42408 | Depths:1 | Entered Level 1 of the Depths
 42414 | Depths:1 | Found a one-way gate to the infinite horrors of the Abyss.
 42425 | Depths:1 | Found Qongooge's One-of-a-Kind Books.
 42932 | Depths:1 | Found Xuggig's Elemental Accessories.
 43237 | Depths:1 | Found a runed translucent door.
 43444 | Depths:1 | Found a gateway to Hell.
 43447 | Depths:1 | Identified the +1 chain mail "Hanitoeb" {MR+ Regen+ Int-3}
 44367 | Depths:2 | Noticed Sojobo
 44692 | Depths:2 | Reached skill level 5 in Translocations
 44700 | Depths:2 | Noticed a golden dragon
 44971 | Depths:2 | Killed a golden dragon
 44971 | Depths:2 | Reached skill level 5 in Hexes
 45068 | Depths:2 | Found Gozag's Antique Weapon Shop.
 45073 | Depths:2 | Found an opulent altar of Gozag.
 45073 | Depths:2 | Found Gozag's Antique Armour Boutique.
 45082 | Depths:2 | Found Gozag's Antique Weapon Shop.
 45437 | Depths:2 | Found Sawapnos's General Store.
 45441 | Depths:2 | Bought a potion of heal wounds for 70 gold pieces
 45441 | Depths:2 | Bought a potion of agility for 56 gold pieces
 46118 | Depths:3 | Found a one-way gate leading to the halls of Pandemonium.
 46146 | Depths:3 | Reached XP level 24. HP: 180/200 MP: 30/30
 46267 | Depths:3 | Reached skill level 19 in Fighting
 47200 | Depths:4 | Found a flickering gateway to a bazaar.
 47208 | Bazaar   | Entered a bazaar
 47208 | Bazaar   | Found Kentot's General Store.
 47208 | Bazaar   | Found Amaas's General Store.
 47209 | Bazaar   | Found Gaiz's Armour Shoppe.
 47209 | Bazaar   | Found Niraac's Weapon Shoppe.
 47523 | Bazaar   | Bought a potion of heal wounds for 65 gold pieces
 47537 | Bazaar   | Bought the +9 heavy crossbow "Sniper" {velocity, Acc+∞
                  | SInv} for 640 gold pieces
 47537 | Bazaar   | Found the +9 heavy crossbow "Sniper" {velocity, Acc+∞ SInv}
 47559 | Bazaar   | Bought a +1 helmet of see invisible for 214 gold pieces
 47572 | Bazaar   | Bought a potion of brilliance for 52 gold pieces
 47572 | Bazaar   | Bought a potion of flight for 39 gold pieces
 47572 | Bazaar   | Bought a potion of invisibility for 104 gold pieces
 47576 | Bazaar   | Bought 2 potions of invisibility for 288 gold pieces
 47678 | Depths:2 | Killed Sojobo
 47890 | Depths:1 | Voluntarily entered the Abyss.
 47892 | Abyss:1  | Found a corrupted altar of Lugonu.
 47927 | Abyss:2  | Found a corrupted altar of Lugonu.
 47927 | Abyss:2  | Found a corrupted altar of Lugonu.
 48008 | Abyss:3  | Found a corrupted altar of Lugonu.
 48113 | Abyss:4  | Gained mutation: You are frail. (-10% HP) [a cacodemon]
 48215 | Depths:1 | Escaped the Abyss
 48420 | Depths:4 | Noticed a caustic shrike
 48420 | Depths:4 | Noticed a caustic shrike
 48777 | Depths:4 | Noticed a caustic shrike
 48783 | Depths:4 | Noticed a caustic shrike
 48792 | Depths:4 | Killed a caustic shrike
 48796 | Depths:4 | Killed a caustic shrike
 48804 | Depths:4 | Killed a caustic shrike
 48814 | Depths:4 | Noticed a caustic shrike
 48817 | Depths:4 | Killed a caustic shrike
 48821 | Depths:4 | Killed a caustic shrike
 49073 | Depths:4 | Learned a level 3 spell: Spectral Weapon
 49076 | Depths:4 | Learned a level 2 spell: Passwall
 49120 | Depths:4 | Reached skill level 1 in Transmutations
 49120 | Depths:4 | Reached skill level 1 in Earth Magic
 49122 | Depths:4 | Paralysed by a floating eye for 3 turns
 49133 | Depths:4 | Paralysed by a floating eye for 2 turns
 49364 | Depths:4 | Reached XP level 25. HP: 164/189 MP: 30/30
 49500 | Depths:4 | Reached skill level 1 in Charms
 49543 | Depths:5 | Entered Level 5 of the Depths
 49549 | Depths:5 | Noticed a caustic shrike
 49559 | Depths:5 | Noticed a caustic shrike
 49559 | Depths:5 | Noticed a caustic shrike
 49567 | Depths:5 | Killed a caustic shrike
 49567 | Depths:5 | Reached skill level 5 in Spellcasting
 49579 | Depths:5 | Noticed a juggernaut
 49583 | Depths:5 | Noticed a juggernaut
 49584 | Depths:5 | Found a gate to the Realm of Zot.
 50055 | Vaults:4 | Reached skill level 20 in Fighting
 50091 | Vaults:4 | Identified the cursed +0 ring mail of Trial and Error
                  | {+Blink Regen+ rCorr Dex-2}
 50438 | Vaults:4 | Learned a level 3 spell: Regeneration
 50681 | Vaults:4 | Reached skill level 1 in Necromancy
 51632 | Vaults:5 | Entered Level 5 of the Vaults
 51831 | Vaults:5 | Reached skill level 5 in Necromancy
 52263 | Vaults:5 | Reached XP level 26. HP: 198/198 MP: 35/35
 52345 | Vaults:5 | Reached skill level 5 in Charms
 52501 | Vaults:5 | Identified the ring "Gaupliar" {rElec rN+}
 52509 | Vaults:5 | Reached skill level 21 in Fighting
 52846 | Vaults:5 | Identified the +2 glaive "Death Rattle" {speed, SInv}
 52973 | Vaults:5 | Identified the +5 ring mail of the Apprentice {Str-2 Int+5}
 53440 | Vaults:5 | Got a silver rune of Zot
 53899 | Depths:1 | Bought the Guide on Unholy Enhancements for 1818 gold
                  | pieces
 53906 | Depths:1 | Learned a level 6 spell: Deflect Missiles
 53936 | Depths:1 | Voluntarily entered the Abyss.
 53949 | Abyss:1  | Reached skill level 1 in Fire Magic
 53965 | Abyss:1  | Paralysed by accursed screaming for 2 turns
 53973 | Abyss:1  | Paralysed by accursed screaming for 2 turns
 53978 | Abyss:1  | Paralysed by accursed screaming for 2 turns
 54005 | Abyss:1  | Reached skill level 1 in Air Magic
 54310 | Depths:1 | Escaped the Abyss
 54705 | Shoals:1 | Reached skill level 10 in Spellcasting
 54857 | Shoals:1 | Identified the cursed +1 ring mail "Kuromuff" {rF+ rN+}
 55690 | Shoals:3 | Reached skill level 5 in Fire Magic
 55711 | Shoals:3 | Reached XP level 27. HP: 200/205 MP: 33/37
 56033 | Shoals:4 | Entered Level 4 of the Shoals
 56033 | Shoals:4 | Found Tiexteko's General Store.
 56035 | Shoals:4 | Got a barnacled rune of Zot
 56479 | Shoals:4 | Identified the +3 falchion of Qazlal's Benevolence {slice,
                  | Fragile rElec rPois rN++}
 56682 | Shoals:4 | Bought a scroll of blinking for 150 gold pieces
 56682 | Shoals:4 | Bought a potion of curing for 60 gold pieces
 56763 | Shoals:4 | Identified the ring "Vidd" {+Fly rF+ rC- Dex+4}
 57406 | Shoals:2 | Identified the cursed +0 leather armour "Zuloatil" {Str+2}
 57876 | Orc:2    | Bought an uncursed ring of resist corrosion for 340 gold
                  | pieces
 58841 | Depths:4 | Reached skill level 5 in Air Magic
 59041 | Depths:5 | Noticed a juggernaut
 59221 | Depths:4 | Learned a level 8 spell: Ignition
 59227 | Depths:4 | Learned a level 5 spell: Aura of Abjuration
 59276 | Depths:4 | Killed a juggernaut
 59306 | Depths:5 | Paralysed by a floating eye for 2 turns
 59842 | Depths:4 | Killed a juggernaut
 59842 | Depths:4 | Reached skill level 10 in Hexes
 59905 | Depths:4 | Killed a juggernaut
 60385 | Depths:5 | Found a gateway to a ziggurat.
 60387 | Depths:5 | Found Idankal's Food Boutique.
 60412 | Depths:5 | Reached skill level 10 in Fire Magic
 61234 | Zot:1    | Entered Level 1 of the Realm of Zot
 61295 | Zot:1    | Reached skill level 22 in Fighting
 64488 | Zot:3    | Reached skill level 15 in Hexes
 64718 | Zot:3    | Noticed a Killer Klown
 64736 | Zot:3    | Killed a Killer Klown
 65070 | Zot:4    | Identified the ring of Jowont {*Tele rPois rN+ Stlth+}
 65869 | Zot:5    | Entered Level 5 of the Realm of Zot
 66469 | Lair:6   | Reached skill level 23 in Fighting
 66812 | Lair:6   | Identified the ring "Diymapt" {Fire Str+2 Dex+4}
 66895 | Lair:6   | Found a runed translucent gate.
 66895 | Lair:6   | Found a runed translucent gate.
 66895 | Lair:6   | Found a runed translucent gate.
 66899 | Lair:6   | Noticed hitsuchi's ghost (journeyman OpFi)
 66900 | Lair:6   | Found a viscous altar of Jiyva.
 66909 | Lair:6   | Killed hitsuchi's ghost
 67031 | Lair:6   | Found a runed translucent door.
 67061 | Lair:6   | Found a viscous altar of Jiyva.
 67063 | Lair:6   | Found a staircase to the Slime Pits.
 67209 | Lair:6   | Lost mutation: You are frail. (-10% HP) [potion of
                  | mutation]
 67209 | Lair:6   | Gained mutation: You are frail. (-10% HP) [potion of
                  | mutation]
 67209 | Lair:6   | Gained mutation: You are clumsy. (Dex -2) [potion of
                  | mutation]
 67209 | Lair:6   | Gained mutation: You are partially covered in icy blue
                  | scales. (AC +2) [potion of mutation]
 67211 | Lair:6   | Lost mutation: You are frail. (-10% HP) [potion of
                  | mutation]
 67211 | Lair:6   | Lost mutation: You are clumsy. (Dex -2) [potion of
                  | mutation]
 67211 | Lair:6   | Lost mutation: You are partially covered in icy blue
                  | scales. (AC +2) [potion of mutation]
 67211 | Lair:6   | Gained mutation: You have a pair of small horns on your
                  | head. [potion of mutation]
 67211 | Lair:6   | Gained mutation: Your system is resistant to poisons.
                  | (rPois) [potion of mutation]
 67330 | Slime:1  | Entered Level 1 of the Pits of Slime
 67357 | Slime:1  | Gained mutation: Your body sometimes deteriorates upon
                  | taking damage. [a shining eye]
 67381 | Slime:2  | Gained mutation: Your body often deteriorates upon taking
                  | damage. [a shining eye]
 67382 | Slime:2  | Gained mutation: You are weak. (Str -2) [a shining eye]
 68087 | Slime:5  | Entered Level 5 of the Pits of Slime
 68354 | Slime:5  | Noticed the Royal Jelly
 68354 | Slime:5  | Gained mutation: You are clumsy. (Dex -2) [a shining eye]
 68535 | Slime:3  | Gained mutation: Scrolls take you a little longer to read.
                  | [a shining eye]
 70328 | Slime:5  | Identified the ring "Vileaniu" {*Drain rF+ rC+ rN+ Str+7}
 70330 | Slime:5  | Found a viscous altar of Jiyva.
 70331 | Slime:5  | Found the +7 sceptre of Torment {pain, torment}
 70332 | Slime:5  | Identified the +7 dagger "Jellyslayer" {distort, Str+4
                  | Stlth+}
 70338 | Slime:5  | Found the +4 robe of Augmentation {Str+4 Int+4 Dex+4}
 70354 | Slime:5  | Killed the Royal Jelly
 70425 | Slime:5  | Got a slimy rune of Zot
 70439 | Slime:5  | Identified the ring "Igaesul" {rPois rF+ SInv}
 70444 | Slime:5  | Identified the cursed +1 plate armour of the Duchess {MR+
                  | rCorr}
 71200 | Depths:5 | Learned a level 2 spell: Blink
 71206 | Zig:1    | Entered Level 1 of a ziggurat
 71211 | Zig:1    | Reached skill level 15 in Fire Magic
 71224 | Zig:2    | Entered Level 2 of a ziggurat
 71249 | Zig:3    | Entered Level 3 of a ziggurat
 71291 | Zig:4    | Entered Level 4 of a ziggurat
 71292 | Zig:4    | Reached skill level 15 in Spellcasting
 71315 | Zig:5    | Entered Level 5 of a ziggurat
 71359 | Zig:6    | Entered Level 6 of a ziggurat
 71362 | Zig:6    | Noticed a juggernaut
 71363 | Zig:6    | Identified the +2 ring mail of Valour {rElec}
 71363 | Zig:6    | Identified the amulet "Riatuj" {RegenMP MP+9 Str+2}
 71382 | Zig:6    | Killed a juggernaut
 71505 | Zig:7    | Entered Level 7 of a ziggurat
 71673 | Zig:8    | Entered Level 8 of a ziggurat
 71677 | Zig:8    | Noticed an orb of fire
 71677 | Zig:8    | Gained mutation: You tend to lose your temper in combat.
                  | [an orb of fire]
 71688 | Zig:8    | Identified the +7 shortbow "Ceizucs" {velocity, rN++ Int-5}
 71688 | Zig:8    | Found the cursed +13 scythe of Curses {drain, *Curse}
 71692 | Zig:9    | Entered Level 9 of a ziggurat
 71913 | Zig:10   | Entered Level 10 of a ziggurat
 71921 | Zig:10   | Noticed Wotwuga the pandemonium lord
 71922 | Zig:10   | Identified the ring of Afocwet {rPois Dex+2 Slay+3}
 72205 | Depths:4 | Lost mutation: You are weak. (Str -2) [potion of mutation]
 72205 | Depths:4 | Lost mutation: You have a pair of small horns on your head.
                  | [potion of mutation]
 72205 | Depths:4 | Lost mutation: Your body often deteriorates upon taking
                  | damage. [potion of mutation]
 72205 | Depths:4 | Gained mutation: You are resistant to hostile enchantments.
                  | (MR+) [potion of mutation]
 72206 | Depths:4 | Lost mutation: Scrolls take you a little longer to read.
                  | [potion of mutation]
 72206 | Depths:4 | Lost mutation: Your body sometimes deteriorates upon taking
                  | damage. [potion of mutation]
 72206 | Depths:4 | Lost mutation: You tend to lose your temper in combat.
                  | [potion of mutation]
 72206 | Depths:4 | Lost mutation: You are clumsy. (Dex -2) [potion of
                  | mutation]
 72206 | Depths:4 | Gained mutation: Your mind is acute. (Int +2) [potion of
                  | mutation]
 72206 | Depths:4 | Gained mutation: You are surrounded by a mild repulsion
                  | field. (EV +2) [potion of mutation]
 72300 | Depths:4 | Voluntarily entered the Abyss.
 72353 | Abyss:3  | Found a basalt altar of Yredelemnul.
 72547 | Abyss:3  | Gained mutation: You are clumsy. (Dex -2) [a neqoxec]
 72548 | Abyss:3  | Gained mutation: Your body sometimes deteriorates upon
                  | taking damage. [a neqoxec]
 72589 | Abyss:3  | Found a corrupted altar of Lugonu.
 72887 | Abyss:4  | Got an abyssal rune of Zot
 72930 | Abyss:4  | Reached skill level 24 in Fighting
 72952 | Depths:4 | Escaped the Abyss
 73278 | Zot:5    | Identified the cursed +3 chain mail of the Volcano {rCorr
                  | Dex+3} (You acquired it on level 5 of the Realm of Zot)
 73618 | Zot:5    | Noticed an ancient lich
 73640 | Zot:5    | Killed an ancient lich
 73662 | Zot:5    | Noticed a Killer Klown
 73678 | Zot:5    | Killed a Killer Klown
 73881 | Zot:5    | Noticed a Killer Klown
 73898 | Zot:5    | Reached skill level 10 in Necromancy
 73916 | Zot:5    | Killed a Killer Klown
 73918 | Zot:5    | Noticed an orb of fire
 73928 | Zot:5    | Killed an orb of fire
 73980 | Zot:5    | Noticed a Killer Klown
 73981 | Zot:5    | Noticed an ancient lich
 73994 | Zot:5    | Killed an ancient lich
 74247 | Zot:5    | Noticed an orb of fire
 74248 | Zot:5    | Noticed an orb of fire
 74268 | Zot:5    | Gained mutation: Your magical capacity is low. (-10% MP)
                  | [an orb of fire]
 74270 | Zot:5    | Gained mutation: Your magical capacity is very low. (-20%
                  | MP) [an orb of fire]
 74272 | Zot:5    | Gained mutation: You are very clumsy. (Dex -4) [an orb of
                  | fire]
 74291 | Zot:5    | Gained mutation: Armour fits poorly on your strangely
                  | shaped body. [an orb of fire]
 74294 | Zot:5    | Gained mutation: Scrolls take you a little longer to read.
                  | [an orb of fire]
 74296 | Zot:5    | Killed an orb of fire
 74296 | Zot:5    | Gained mutation: Your body often deteriorates upon taking
                  | damage. [an orb of fire]
 74309 | Zot:5    | Killed an orb of fire
 74588 | Zot:5    | Noticed an ancient lich
 74588 | Zot:5    | Noticed an ancient lich
 74600 | Zot:5    | Killed an ancient lich
 74617 | Zot:5    | Killed an ancient lich
 74831 | Zot:5    | Noticed an orb of fire
 74842 | Zot:5    | Lost mutation: Your mind is acute. (Int +2) [an orb of
                  | fire]
 74850 | Zot:5    | Gained mutation: Your spells are a little easier to cast,
                  | but a little less powerful. [an orb of fire]
 74859 | Zot:5    | Gained mutation: Your magical capacity is extremely low.
                  | (-30% MP) [an orb of fire]
 74865 | Zot:5    | Gained mutation: Scrolls take you longer to read. [an orb
                  | of fire]
 74875 | Zot:5    | Gained mutation: You are weak. (Str -2) [an orb of fire]
 74884 | Zot:5    | Gained mutation: You are frail. (-10% HP) [an orb of fire]
 74890 | Zot:5    | Gained mutation: Your spells are easier to cast, but less
                  | powerful. [an orb of fire]
 74897 | Zot:5    | Gained mutation: You are very frail. (-20% HP) [an orb of
                  | fire]
 74901 | Zot:5    | Killed an orb of fire
 75109 | Zot:5    | Killed a Killer Klown
 75235 | Zot:5    | Learned a level 6 spell: Freezing Cloud
 75412 | Zot:5    | Got the Orb of Zot
 75756 | Depths:2 | Noticed Qyf Enea the pandemonium lord
 75756 | Depths:2 | Noticed an ancient lich
 75762 | Depths:2 | HP: 6/192 [Qyf Enea the pandemonium lord (29)]
 75765 | Depths:2 | Mangled by Qyf Enea the pandemonium lord

Levels and vault maps discovered:
D:1:      dpeg_arrival_castle, layout_basic, evilmike_ruin_ashenzari
D:2:      lemuel_upstairs_altar, layout_loops_cross
D:3:      layout_loops_cross, grunt_gozag_breadcrumbs
D:4:      layout_cave_pools, serial_shops, kennysheep_mini_moat
D:5:      layout_rooms, first_ration
D:6:      layout_loops_ring, nicolae_ru_great_annihilating_truth,
          nicolae_overflow_hidden_temple, nemelex_spade_bored_becter
D:7:      layout_rooms, lemuel_mausoleum_altar_kikubaaqudgha,
          minmay_temple_entry_wispy
D:8:      layout_rooms, tgw_xom, erik_lair_orcish_takeover, enter_bailey_6,
          basic_altar
D:9:      layout_basic, chequers_temple_overflow_statue_of_worship,
          chequers_temple_overflow_minitemple
D:10:     layout_stronghold, ebering_ghost_rock_garden
D:11:     layout_rooms
D:12:     layout_irregular_city, david_orc_3, basic_altar, serial_column_ruins,
          column_ruins_temple_circle, column_ruins_hut_ruined,
          column_ruins_columns_dead_end, column_ruins_open_tiny,
          column_ruins_open_tiny
D:13:     layout_irregular_city
D:14:     layout_rooms, skrybe_vaults_entry_preservation, old_standard_altar,
          serial_shops, shop, uniq_josephine
D:15:     grunt_enter_depths_snipers, layout_rooms, columned_hall_lemuel,
          nrook_campfire, amethyst_killhole, chequers_serial_rivers_marsh
Lair:1:   layout_long_grid, grunt_megastairs_1, lemuel_fruit_fields, uniq_urug,
          uniq_sonja, uniq_nergalle
Lair:2:   gammafunk_cloud_chamber, layout_gridlike, guppyfry_snake_entry_garden,
          serial_bayou_shore_b, uniq_erica
Lair:3:   layout_big_grid, minmay_shoals_entry_beasts, infiniplex_staircase_pool
Lair:4:   layout_concentric_octagons, hibernation_bobbens
Lair:5:   layout_regular_city, minivault_26, beast_lair_carwin_6,
          lemuel_fruit_tree, grunt_megastairs_2, infiniplex_staircase_pool_2,
          lemuel_fruit_fields, minmay_lair_oklob_chamber
Lair:6:   minmay_lair_end_frog_pond, layout_regular_city, slime_altar_2,
          gammafunk_ghost_ooze
Shoals:1: layout_shoals, nicolae_shoals_mertower
Shoals:2: layout_shoals
Shoals:3: layout_shoals, nicolae_shoals_so_close
Shoals:4: shoals_end_grunt_garden, layout_shoals, serial_shops, shop,
          argonaut_gorgonesque
Snake:1:  layout_gridlike, uniq_donald, uniq_jorgrun, uniq_frances, uniq_louise
Snake:2:  layout_misc_corridors, nicolae_snake_squiggles
Snake:3:  layout_onion, basic_altar, uniq_nikola
Snake:4:  snake_pit_salamanders_mu, layout_cave_town, uniq_aizul
Slime:1:  layout_caves
Slime:2:  layout_caves, cheibrodos_slime_lost_civilization_5
Slime:3:  layout_caves, cheibrodos_slime_lost_civilization_4
Slime:4:  cheibrodos_slime_lost_civilization_3, layout_caves
Slime:5
Orc:1:    layout_caves, uniq_harold
Orc:2:    st_orc_ogre_mass, layout_caves, led_sif_book, uniq_nessos
Elf:1:    minmay_elf_arrival_summoners, layout_geoelf_octagon,
          minmay_elf_demonology
Elf:2:    layout_geoelf_grid, minivault_25_ag, minmay_shop_grove
Elf:3:    nooodl_elf_gasket, layout_geoelf_castle, library_closet,
          uniq_saint_roka
Vaults:1: vaults_standard_mumra_enter_the_diamond, dpeg_vaults_monster_row,
          nicolae_vaults_windows_and_doors_thing, nicolae_vaults_network_square,
          v_misc_11, ontoclasm_vaults_ring_square, vaults_room_pool,
          nicolae_vaults_gold_heap, v_misc_19, v_misc_2,
          layout_vaults_omnicross, uniq_asterion
Vaults:2: vaults_room_large_hall, vaults_dpeg_spiral, hangedman_vaults_trim,
          v_pattern_3, ontoclasm_vaults_gateway, v_misc_23,
          hangedman_vaults_trim, vaults_dpeg_encased_lava,
          hangedman_vaults_stretched_pinwheel, layout_vaults_big_room
Vaults:3: nicolae_vaults_inception_scallops, minmay_crypt_entry_simple_walls,
          nicolae_vaults_mini_display_case, hangedman_vaults_slither,
          ontoclasm_vaults_ring_square, nicolae_vaults_network_periphery,
          vaults_mumra_chevron_long, v_misc_17, nicolae_vaults_disjoint_gnomons,
          hangedman_vaults_cutoff, ontoclasm_vaults_hangar, serial_ice_m,
          v_misc_3, layout_vaults_omnibox
Vaults:4: vaults_dpeg_ring, nicolae_vaults_yaktaur_gun_rack,
          nicolae_vaults_statue_guard, v_misc_11, hangedman_vaults_stream,
          nicolae_vaults_sealed_display, hangedman_vaults_hat,
          ontoclasm_vaults_ring_small, nicolae_vaults_three_branches,
          vaults_room_hallway, layout_vaults_omnigrid
Vaults:5: serial_shops
Crypt:1:  layout_misc_corridors, minmay_strange_pillars,
          grunt_crypt_arrival_split
Crypt:2:  layout_regular_city
Crypt:3:  grunt_crypt_end_deaths_head
Depths:1: layout_gridville, kennysheep_donut, abyss_entry,
          grunt_hell_entry_dis_old, chequers_serial_rivers_room_b,
          serial_bayou_lagoon_a, drop_trap, minmay_misc_feat_plants,
          nicolae_elemental_shop, nicolae_rare_books,
          chequers_serial_rivers_large_a, corexii_hall_statues_i,
          serial_sigils_hangedman_gut, st_stairs_8, lightli_gold_pyramid
Depths:2: kennysheep_gozag_temple, layout_basic, hellmouth_1,
          chequers_serial_rivers_large_b, serial_shops,
          nicolae_shop_statue_plus, grunt_decor_cap, uniq_sojobo
Depths:3: hangedman_elemental_death_ray, layout_basic, rand_demon_pan_entry_9,
          hell_entry, serial_sigils_hangedman_quiver,
          kennysheep_generic_room_16, infiniplex_staircase_spiral
Depths:4: minmay_box_of_statues, layout_cave_pools,
          hangedman_abyss_or_decor_lesser_grid, lightli_too_deep, abyss_entry,
          serial_shops, bzr_entry_islet, pan_entry, chequers_jeans
Depths:5: grunt_zot_entry_alcove, layout_cave_shapes, enter_ziggurat_a,
          minmay_misc_feat_columns, hell_entry, serial_shops, shop
Zot:1:    layout_onion_interference
Zot:2:    lemuel_draconian_sentries_small, layout_basic
Zot:3:    grunt_deathspiral_small, layout_onion_interference
Zot:4:    layout_gridville
Zot:5:    layout_cathedral_of_symmetry

Skill      XL: |  1  2  3  4  5  6  7  8  9 10 11 12 13 14 15 16 17 18 19 20 21 22 23 24 25 26 27 |
---------------+----------------------------------------------------------------------------------+-----
Short Blades   | 1 2 3 4 5 6 7 |  7.4
Fighting       | 4 5 6 7 9 11 12 13 15 16 17 18 19 20 21 24 | 24.4
Shields        | 1 3 4 5 7 8 11 13 | 13.6
Armour         | 2 4 5 8 10 11 13 14 15 16 17 18 19 | 19.2
Dodging        | 4 5 6 8 10 12 13 14 15 16 17 18 19 | 19.4
Long Blades    | 3 7 11 13 | 13.2
Polearms       | 4 13 | 13.7
Hexes          | 5 7 15 | 15.8
Translocations | 5 |  5.2
Spellcasting   | 4 8 10 17 | 17.5
Transmutations | 2 3 |  3.2
Earth Magic    | 2 3 |  3.1
Charms         | 4 6 |  6.8
Necromancy     | 5 13 | 13.6
Fire Magic     | 5 17 | 17.6
Air Magic      | 3 5 |  5.1
Maces & Flails | |  3.0
Stealth        | |  2.0

Action                   |  1- 3 |  4- 6 |  7- 9 | 10-12 | 13-15 | 16-18 | 19-21 | 22-24 | 25-27 || total
-------------------------+-------+-------+-------+-------+-------+-------+-------+-------+-------++-------
Melee: Dagger            |    98 |   134 |   184 |       |       |       |       |       |       ||   416
       Mace              |     1 |       |       |       |       |       |       |       |       ||     1
       Double sword      |       |       |    69 |   514 |   924 |  1023 |  1508 |  1874 |  4242 || 10154
       Headbutt          |       |       |       |       |       |       |       |       |   214 ||   214
Throw: Dart              |       |     1 |       |    20 |     5 |     6 |     1 |     3 |     2 ||    38
       Throwing net      |       |       |       |     8 |     1 |       |     8 |     5 |     6 ||    28
 Cast: Confusing Touch   |       |       |       |       |     1 |       |       |     3 |    17 ||    21
       Regeneration      |       |       |       |       |       |       |       |       |    85 ||    85
       Spectral Weapon   |       |       |       |       |       |       |       |       |    40 ||    40
       Deflect Missiles  |       |       |       |       |       |       |       |       |    28 ||    28
       Ignition          |       |       |       |       |       |       |       |       |    27 ||    27
       Passwall          |       |       |       |       |       |       |       |       |     5 ||     5
       Freezing Cloud    |       |       |       |       |       |       |       |       |     1 ||     1
Invok: Curse Item        |     2 |       |     1 |     2 |     2 |       |     2 |     3 |     1 ||    13
       Scrying           |       |       |       |       |       |       |       |       |     4 ||     4
Evoke: Wand              |       |       |     6 |    36 |    28 |    11 |     5 |     9 |    35 ||   130
       Box of beasts     |       |       |       |     2 |       |       |       |       |       ||     2
       Phial of floods   |       |       |       |     2 |     2 |     1 |     1 |     2 |     1 ||     9
       Phantom mirror    |       |       |       |       |     1 |       |       |       |       ||     1
  Use: Potion            |     1 |     2 |     2 |     8 |     7 |     6 |    15 |    14 |    46 ||   101
       Scroll            |     3 |     7 |     6 |    13 |    11 |     4 |    15 |    16 |    42 ||   117
 Stab: Sleeping          |     3 |     6 |    10 |     1 |       |       |       |       |       ||    20
       Invisible         |       |     4 |       |       |     9 |       |       |     8 |       ||    21
       Distracted        |       |       |     2 |     6 |    10 |    11 |    11 |     8 |    42 ||    90
       Paralysed         |       |       |       |     7 |       |       |       |       |       ||     7
       Held in net/web   |       |       |       |     1 |       |       |     1 |     2 |     3 ||     7
       Confused          |       |       |       |       |     2 |       |       |     4 |    24 ||    30
  Eat: Chunk             |     2 |     4 |     8 |     3 |     1 |       |     5 |     2 |     1 ||    26
       Ration            |       |       |     1 |     4 |     9 |     8 |     7 |    11 |    36 ||    76
Armor: Robe              |    14 |     3 |    26 |     5 |       |       |       |       |       ||    48
       Plate armour      |       |       |       |    79 |   161 |   108 |    88 |       |       ||   436
       Skin              |       |       |       |     8 |       |       |       |       |       ||     8
       Leather armour    |       |       |       |     8 |       |       |       |       |       ||     8
       Pearl dragon scal |       |       |       |       |       |       |    41 |   293 |   873 ||  1207
Dodge: Dodged            |    65 |    53 |   100 |   132 |   155 |   159 |   259 |   444 |  1479 ||  2846
       Deflected         |       |       |       |       |       |       |       |       |   127 ||   127
Block: Buckler           |     4 |    21 |    50 |    96 |       |       |       |       |       ||   171
       Shield            |       |       |       |   323 |  1297 |  1189 |  1514 |  2197 |  5388 || 11908
       Reflection        |       |       |       |     8 |    34 |   123 |       |       |       ||   165
       Rpst.: Double sword |       |       |     6 |    36 |    33 |    23 |    63 |    77 |   222 ||   460
